 Dungeon Crawl Stone Soup version 0.17-a0-2122-g03d97ec (webtiles) character file.

221 radek the Conjurer (level 5, -1/28 HPs)
             Began as a Deep Elf Conjurer on Oct 21, 2015.
             Slain by a rat (2 damage)
             ... in a sewer.
             The game lasted 00:16:57 (2506 turns).

radek the Conjurer (Deep Elf Conjurer)              Turns: 2506, Time: 00:16:57

Health: -1/28      AC:  3    Str:  3 (6)  XL:     5   Next: 65%
Magic:  1/11       EV: 13    Int: 20      God:
Gold:   81         SH:  0    Dex: 15      Spells: 2 memorised, 4 levels left

rFire  . . .     SeeInvis .     i - +0 dagger (elec) (curse)
rCold  . . .     Clarity  .     a - +1 robe
rNeg   . . .     SustAt   .     (no shield)
rPois  .         Gourm    .     (no helmet)
rElec  .         Spirit   .     (no cloak)
rCorr  .         Warding  .     (no gloves)
rMut   +         Rnd*Tele +     (no boots)
MR     .....                    q - amulet of resist mutation
Stlth  +.........               (no ring)
                                r - ring of teleportation

@: very slightly contaminated, not resistant to hostile enchantments, very
unstealthy
A: no striking features
a: Evoke Teleportation


You were in a sewer.
You were near starving.

You visited 1 branch of the dungeon, and saw 3 of its levels.
You also visited: Sewer.

You collected 81 gold pieces.

Inventory:

Hand Weapons
 i - a cursed +0 dagger of electrocution (weapon)
Armour
 a - a +1 robe (worn)
 d - a +1 helmet of intelligence
Jewellery
 q - an amulet of resist mutation (around neck)
 r - a ring of teleportation (left hand)
Scrolls
 g - 2 scrolls of random uselessness
 j - a scroll of amnesia
 l - a scroll of remove curse
 o - 2 scrolls of immolation {unknown}
Books
 b - a book of Conjurations

   Spells                             Type                      Level
   a - Magic Dart                     Conjuration                  1
   b - Searing Ray                    Conjuration                  2
   c - Dazzling Spray                 Conjuration/Hexes            3
   d - Fulminant Prism                Conjuration/Hexes            4
   e - Iskenderun's Mystic Blast      Conjuration                  4
   f - Iskenderun's Battlesphere      Conjuration/Charms           5
Comestibles
 c - a bread ration
 m - a slice of pizza
 n - a meat ration


   Skills:
 - Level 2.4 Dodging
 - Level 2.4 Stealth
 - Level 3.0 Spellcasting
 - Level 7.0 Conjurations
 * Level 3.8 Charms


You had 4 spell levels left.
You knew the following spells:

 Your Spells              Type           Power        Failure   Level  Hunger
a - Magic Dart            Conj           ####         1%          1    None
b - Iskenderun's Battles  Conj/Chrm      ###.....     45%         5    ######.


Dungeon Overview and Level Annotations

Branches:
Dungeon (3/15)

Altars:
Ashenzari
Okawaru
Xom


Message History

* * * LOW HITPOINT WARNING * * *
The rat completely misses you. The big kobold closely misses you.
Your unstable footing causes you to fumble your attack.
The rat closely misses you. The rat bites you but does no damage.
The big kobold splashes around in the water.
Your unstable footing causes you to fumble your attack.
The rat closely misses you. x2
The big kobold splashes around in the water.
Your unstable footing causes you to fumble your attack.
The rat barely misses you. The rat bites you.
* * * LOW HITPOINT WARNING * * *
The big kobold closely misses you.
You aren't carrying any potions.
The rat closely misses you. The rat barely misses you.
The big kobold barely misses you. The rat bites you but does no damage.
The rat splashes around in the water.
The big kobold hits you with a dagger.
* * * LOW HITPOINT WARNING * * *
The rat bites you.
You die...

## ...≈≈≈≈
##....≈≈≈≈≈#
#.....≈≈≈≈≈##
##....≈≈≈≈≈≈≈#
#......≈≈≈≈≈≈#
#.....≈≈≈≈≈≈≈#
#.....≈≈≈≈≈≈≈≈
#...r§§≈≈≈≈≈.
#..Kr@*≈≈≈≈≈≈
#...K§§≈≈≈≈≈≈
##..K≈≈≈≈≈≈≈≈
###'###≈≈≈≈≈≈
#.....#≈≈≈≈≈≈
#.....#≈≈≈≈≈≈
##...## ≈≈≈≈≈
#.....# ≈≈≈≈≈
#!.#.!#


You could see a big kobold, 2 kobolds and 2 rats.

Vanquished Creatures
  A big kobold (Sewer)
  The ghost of radek the Conjurer, a weakling DECj (D:3)
  4 adders
  2 worms (D:3)
  6 giant geckos
  8 giant cockroaches
  7 goblins
  9 hobgoblins
  2 jackals (D:1)
  2 ball pythons
  6 bats
  2 giant newts
  9 kobolds
  14 rats
73 creatures vanquished.

Notes
Turn   | Place    | Note
--------------------------------------------------------------
     0 | D:1      | radek the Deep Elf Conjurer began the quest for the Orb.
     0 | D:1      | Reached XP level 1. HP: 10/10 MP: 6/6
   200 | D:1      | Reached XP level 2. HP: 15/15 MP: 2/8
   313 | D:1      | Reached skill level 5 in Conjurations
   705 | D:1      | Reached XP level 3. HP: 19/19 MP: 5/9
  1204 | D:2      | Found an iron altar of Okawaru.
  1353 | D:2      | Found a shattered altar of Ashenzari.
  1549 | D:2      | Reached skill level 6 in Conjurations
  1567 | D:2      | Reached XP level 4. HP: 24/24 MP: 5/10
  1750 | D:3      | Found a shimmering altar of Xom.
  1763 | D:3      | Noticed radek's ghost (weakling DECj)
  1792 | D:3      | Killed radek's ghost
  1971 | D:3      | Found a glowing drain.
  1979 | D:3      | Reached XP level 5. HP: 28/28 MP: 1/11
  1982 | D:3      | Reached skill level 7 in Conjurations
  1999 | D:3      | Learned a level 5 spell: Iskenderun's Battlesphere
  2065 | Sewer    | Entered a sewer
  2505 | Sewer    | HP: 1/28 [big kobold/dagger (4)]
  2506 | Sewer    | Slain by a rat

Vault maps used:
D:1:      dpeg_arrival_more_subterranean_lakeside_camping, minivault_14
D:2:      overflow_temple_1_default, okawaru_metal_pillars_1_2
D:3:      lemuel_crystal_altar, lemuel_crystal_altar, portal_sewer_entry_f
Sewer:    sewer_minmay_treatment

Action                   |  1- 3 |  4- 6 || total
-------------------------+-------+-------++-------
Melee: Unarmed           |     8 |       ||     8
       Dagger            |       |     7 ||     7
 Cast: Magic Dart        |    88 |    69 ||   157
       Iskenderun's Batt |       |     2 ||     2
  Use: Scroll            |       |     6 ||     6
       Potion            |       |     6 ||     6
  Eat: Chunk             |     2 |     2 ||     4
